 Dungeon Crawl Stone Soup version 0.18.1-50-g88ac8fd (webtiles) character file.

1808 sohrabkorkchi the Chopper (level 9, -2/75 HPs)
             Began as a Hill Orc Fighter on Sept 29, 2016.
             Was a Believer of Makhleb.
             Succumbed to a killer bee's poison
             ... on level 6 of the Dungeon.
             The game lasted 00:09:11 (6018 turns).

sohrabkorkchi the Chopper (Hill Orc Fighter)        Turns: 6018, Time: 00:09:12

Health: -2/75      AC: 11    Str: 22    XL:     9   Next: 10%
Magic:  12/12      EV:  9    Int: 13    God:    Makhleb [**....]
Gold:   278        SH: 10    Dex: 10    Spells: 0 memorised, 8 levels left

rFire  . . .     SeeInvis .     a - +0 war axe
rCold  . . .     Gourm    .     b - +0 scale mail
rNeg   . . .     Faith    .     c - +0 shield
rPois  .         Spirit   .     r - +0 helmet
rElec  .         Dismiss  .     k - +0 cloak
rCorr  .         Reflect  .     j - +0 pair of gloves
SustAt .         Harm     .     (no boots)
MR     +....                    (no amulet)
Stlth  ..........               q - +5 ring of intelligence
                                e - ring of protection from magic

@: lethally poisoned (-2 -> -19), very slightly contaminated, somewhat resistant
to hostile enchantments, extremely unstealthy
A: screaming 1
a: Minor Destruction, Renounce Religion


You were on level 6 of the Dungeon.
You worshipped Makhleb.
Makhleb was pleased with you.
You were hungry.

You visited 1 branch of the dungeon, and saw 7 of its levels.

You collected 303 gold pieces.
You spent 25 gold pieces at shops.

Inventory:

Hand Weapons
 a - a +0 war axe (weapon)
Armour
 b - a +0 scale mail (worn)
 c - a +0 shield (worn)
 j - a +0 pair of gloves (worn)
 k - a +0 cloak (worn)
 r - a +0 helmet (worn)
Jewellery
 e - a ring of protection from magic (left hand)
 i - an uncursed ring of wizardry
 m - an uncursed ring of see invisible
 q - a +5 ring of intelligence (right hand)
Scrolls
 h - a scroll of recharging
 l - 4 scrolls of identify
 o - a scroll of teleportation
 p - 2 scrolls of remove curse
Potions
 d - a potion of might
Comestibles
 f - 3 bread rations
 g - 3 beef jerkies
 s - a meat ration


   Skills:
 + Level 6.3 Fighting
 + Level 7.2 Axes
 + Level 6.4 Armour
 + Level 3.5 Dodging
 + Level 1.2 Stealth
 + Level 6.0 Shields
 * Level 4.6 Invocations


You had 8 spell levels left.
You didn't know any spells.

Dungeon Overview and Level Annotations

Branches:
Dungeon (7/15)             Temple (0/1) D:7

Altars:
Cheibriados
Dithmenos
Makhleb
Okawaru
Ru
Yredelemnul
The Shining One

Shops:
D:4 !

Annotations:
D:6 Capuchin's ghost, amateur HOFi


Innate Abilities, Weirdness & Mutations

You occasionally shout uncontrollably at your foes.


Message History

The killer bee poisons you! The hound bites you but does no damage.
Your surroundings suddenly seem different.
* * * LOW HITPOINT WARNING * * *
You feel sick.
Unknown command.
Drink which item? (? for menu, Esc to quit)
Okay, then.
Read which item? (? for menu, Esc to quit)
Blink to where?
Press: ? - help, Dir - move target cursor You are very lightly contaminated with residual magic.
As you read the scroll labeled YRAOKHL RIYPUKHLO, it crumbles to dust.
It was a scroll of blinking.
* * * LOW HITPOINT WARNING * * *
You feel sick.
* * * LOW HITPOINT WARNING * * *
You feel sick.
You climb upwards.
Level annotation: Capuchin's ghost, amateur HOFi You die...

#.###.###.# ##...##
#.# #.###.# ##'## #.#
#...#.# #.# #.#
###.#.# ##.# #>#
#.#.# ###..##
#.#####.#.# #.....##
#.........#
##......####
#######.###
#..._....... #
##.#@#####......#####
. #.###...........#
##.#(#######...##
##.## ###.# ### #.#
#.# #.# ######.##
####### ###.......#


There were no monsters in sight!

Vanquished Creatures
  Sigmund (D:4)
  The ghost of wemp the Sneak, an amateur SpEn (D:4)
  An ice beast (D:5)
  2 sky beasts
  A phantom (D:5)
  An orc warrior (D:7)
  An ogre (D:6)
  A centaur (D:7)
  A giant frog (D:7)
  3 scorpions
  A killer bee (D:7)
  A howler monkey (D:4)
  2 jellies
  3 orc priests (D:5)
  2 hounds
  An iguana (D:5)
  6 worker ants
  An orc wizard (D:7)
  A hound skeleton (D:4)
  9 adders
  A shadow imp (D:5)
  3 oozes
  2 adder skeletons (D:4)
  4 worms
  2 dart slugs
  2 giant geckos
  10 orcs
  A ball python (D:1)
  5 bats
  5 giant cockroaches
  4 goblins
  6 hobgoblins
  2 jackals (D:6)
  A quokka (D:2)
  3 giant newts
  A jackal skeleton (D:4)
  5 kobolds
  2 rats (D:2)
99 creatures vanquished.

Notes
Turn   | Place    | Note
--------------------------------------------------------------
     0 | D:1      | sohrabkorkchi the Hill Orc Fighter began the quest for the Orb.
     0 | D:1      | Reached XP level 1. HP: 19/19 MP: 1/1
   401 | D:1      | Reached XP level 2. HP: 25/27 MP: 2/2
   532 | D:2      | Reached skill level 3 in Axes
   591 | D:2      | Reached XP level 3. HP: 11/33 MP: 3/3
   941 | D:2      | Found a shadowy altar of Dithmenos.
  1055 | D:2      | Found a burning altar of Makhleb.
  1075 | D:2      | Became a worshipper of Makhleb the Destroyer
  1219 | D:2      | Reached XP level 4. HP: 40/40 MP: 4/4
  1379 | D:2      | Found a sacrificial altar of Ru.
  1825 | D:3      | Reached * piety under Makhleb
  2089 | D:4      | Noticed Sigmund
  2114 | D:4      | HP: 1/40 [something/puff of flame (4)]
  2119 | D:4      | HP: 1/40 [something/puff of flame (1)]
  2425 | D:4      | Killed Sigmund
  2425 | D:4      | Reached skill level 4 in Axes
  2425 | D:4      | Reached skill level 1 in Dodging
  2425 | D:4      | Reached XP level 5. HP: 41/47 MP: 5/5
  2425 | D:4      | Reached XP level 6. HP: 47/53 MP: 6/6
  2663 | D:4      | Reached skill level 5 in Fighting
  2764 | D:4      | Reached skill level 5 in Armour
  2921 | D:4      | Reached skill level 5 in Axes
  2932 | D:4      | Found an iron altar of Okawaru.
  3139 | D:4      | Found a glowing golden altar of the Shining One.
  3280 | D:4      | Reached XP level 7. HP: 55/61 MP: 7/7
  3338 | D:4      | Noticed wemp's ghost (amateur SpEn)
  3390 | D:4      | Killed wemp's ghost
  3495 | D:4      | Found Kahuafis's Distillery.
  3500 | D:4      | Bought a potion of mutation for 25 gold pieces
  3500 | D:4      | Gained mutation: You expend magic power (3 MP) to strengthen your wands. [potion of mutation]
  3500 | D:4      | Gained mutation: You are robust (+10% HP). [potion of mutation]
  3500 | D:4      | Gained mutation: Scrolls take you a little longer to read. [potion of mutation]
  3586 | D:4      | Lost mutation: Scrolls take you a little longer to read. [potion of cure mutation]
  3586 | D:4      | Lost mutation: You expend magic power (3 MP) to strengthen your wands. [potion of cure mutation]
  3586 | D:4      | Lost mutation: You are robust (+10% HP). [potion of cure mutation]
  4069 | D:5      | Entered Level 5 of the Dungeon
  4101 | D:5      | Reached skill level 5 in Shields
  4101 | D:5      | Reached skill level 1 in Invocations
  4315 | D:5      | Reached ** piety under Makhleb
  4324 | D:5      | Reached XP level 8. HP: 57/69 MP: 9/9
  4381 | D:5      | Found a basalt altar of Yredelemnul.
  4391 | D:5      | Reached skill level 6 in Axes
  4513 | D:5      | Reached skill level 1 in Stealth
  4748 | D:6      | Found a snail-covered altar of Cheibriados.
  5206 | D:6      | Noticed Capuchin's ghost (amateur HOFi)
  5274 | D:7      | Gained mutation: You occasionally shout uncontrollably at your foes. [mutagenic meat]
  5726 | D:7      | Reached skill level 7 in Axes
  5726 | D:7      | Reached XP level 9. HP: 26/75 MP: 12/12
  6016 | D:7      | HP: 3/75 [poisoned by a killer bee]
  6017 | D:7      | HP: 1/75 [poisoned by a killer bee]
  6018 | D:6      | Succumbed to a killer bee's poison

Skill      XL: |  1  2  3  4  5  6  7  8  9 |
---------------+----------------------------+-----
Axes           | 3 4 5 7 |  7.2
Armour         | 4 5 6 |  6.4
Fighting       | 4 5 6 |  6.3
Shields        | 4 5 6 |  6.0
Dodging        | 1 2 3 |  3.5
Invocations    | 2 4 |  4.6
Stealth        | 1 |  1.2

Action                   |  1- 3 |  4- 6 |  7- 9 || total
-------------------------+-------+-------+-------++-------
Melee: War axe           |    91 |   140 |   249 ||   480
  Use: Scroll            |       |     3 |     7 ||    10
       Potion            |       |       |     7 ||     7
  Eat: Chunk             |       |     8 |     2 ||    10
       Meat ration       |       |       |     1 ||     1
       Fruit             |       |       |     1 ||     1
       Beef jerky        |       |       |     1 ||     1
Armor: Scale mail        |    53 |    65 |   124 ||   242
Dodge: Dodged            |    20 |    47 |    99 ||   166
Block: Shield            |    55 |    58 |   138 ||   251
